AoeStats
← Cuervo

Nomad

507640183Analyzed
4v4 RM · 13d ago on Sep 19, 2026· 33m 56s· 8 players
Game mode
Random Map
Map size
231×231
Population
200
Speed
Normal
Resources
Standard
Victory
Conquest
Starting age
Dark Age
Ending age
Imperial Age
RankedLock teamsTeams togetherTeam positionsShared explorationLock speedFull tech treeHidden civsTurbo modeCheats
Victory
Defeat
🇨🇱 Berbers · Chile
1111
+15
🇦🇷 Koreans · Argentina
1068
+17
🇦🇷 Franks · Argentina
1058
+17
🇦🇷 Vietnamese · Argentina
1044
+18
🇨🇳 Slavs · China
1117
-18
🇨🇳 Persians · China
1092
-17
🇨🇴 Vietnamese · Colombia
1071
-16
🇺🇸 Khmer · United States
1062
-16
Irianas
5:12 Loom
14:42 Feudal Age
17:11 Double-Bit Axe
18:14 Town Watch
25:23 Castle Age
26:40 Wheelbarrow
25:48 Horse Collar
26:20 Bow Saw
26:17 Padded Archer Armor
26:08 Fletching
31:57 Elite Skirmisher
✪ ahahaha
9:43 Loom
14:17 Feudal Age
19:32 Castle Age
18:05 Double-Bit Axe
Money Lin
14:05 Feudal Age
18:42 Castle Age
16:42 Horse Collar
17:35 Double-Bit Axe
19:02 Wheelbarrow
20:35 Bow Saw
23:22 Heavy Plow
27:53 Detinets
33:03 Imperial Age
33:43 Bloodlines
33:35 Husbandry
LT-沉浮
3:53 Loom
13:30 Feudal Age
14:59 Double-Bit Axe
20:23 Horse Collar
25:45 Castle Age
26:20 Bloodlines
26:23 Scale Barding Armor
26:37 Husbandry
27:35 Bow Saw
28:34 Pikeman
30:11 Chain Barding Armor
Cuervo
3:25 Loom
14:12 Feudal Age
18:31 Castle Age
21:29 Double-Bit Axe
23:53 Pikeman
26:16 Stone Mining
29:13 Scale Mail Armor
29:24 Forging
33:01 Sanctity
VZ | Thyrfing
6:33 Loom
15:37 Feudal Age
16:48 Double-Bit Axe
20:34 Gold Mining
25:12 Fishing Lines
25:53 Stone Mining
29:26 Castle Age
28:33 Scale Barding Armor
28:38 Forging
28:54 Horse Collar
29:34 Bloodlines
30:05 Wheelbarrow
31:59 Medium Warships
31:53 Gillnets
36:01 Imperial Age
34:20 Fletching
34:52 Chain Barding Armor
34:34 Padded Archer Armor
Zamba
10:46 Loom
13:35 Feudal Age
18:49 Castle Age
22:15 Fletching
23:10 Bodkin Arrow
23:28 Pikeman
27:13 Wheelbarrow
27:34 Husbandry
32:02 Scale Barding Armor
Gitu
5:24 Loom
16:11 Feudal Age
16:37 Double-Bit Axe
16:33 Horse Collar
16:48 Fishing Lines
22:36 Fletching
22:46 Padded Archer Armor
26:37 Castle Age
26:41 Crossbowman
27:51 Thumb Ring
27:46 Demolition Ship
31:25 Ballistics
31:20 Pikeman
32:01 Squires
Connection lost

Rejoining the realm…

Still unreachable

The connection could not be restored.

Session expired

The server has moved on; the page needs a fresh start.